 Dungeon Crawl Stone Soup version 0.17.0-22-g5edae84 (webtiles) character file.

99 Avanven the Scratcher (level 4, -3/21 HPs)
             Began as a Felid Chaos Knight on Nov 13, 2015.
             Killed by divine providence
             ... invoked by an orc priest
              (11 damage)
             ... on level 3 of the Dungeon.
             The game lasted 00:07:16 (2396 turns).

Avanven the Scratcher (Felid Chaos Knight)          Turns: 2396, Time: 00:07:16

Health: -3/21      AC:  1    Str:  8    XL:     4   Next: 45%
Magic:  5/5        EV: 19    Int: 14    God:    Xom [...*..]
Gold:   46         SH:  0    Dex: 15    Spells: 0 memorised, 3 levels left
                                        Lives:  0   Deaths: 1

rFire  . . .     SeeInvis +       - Unarmed
rCold  . . .     Clarity  .     (armour unavailable)
rNeg   . . .     SustAt   .     (shield unavailable)
rPois  .         Gourm    .     (helmet unavailable)
rElec  .         Spirit   .     (cloak unavailable)
rCorr  +         Warding  .     (gloves unavailable)
rMut   .         Stasis   .     (boots unavailable)
MR     .....                    c - amulet of resist corrosion
Stlth  +++.......               (no ring)
                                (no ring)

@: quick, not resistant to hostile enchantments, fairly stealthy
A: no armour, no weapons or thrown items, claws 1, fangs 3, see invisible,
carnivore 3, speed 1, shaggy fur 1, slow metabolism 1, sharp paws
a: Renounce Religion


You were on level 3 of the Dungeon.
You worshipped Xom.
You were a favourite toy of Xom.
You were very full.

You visited 1 branch of the dungeon, and saw 3 of its levels.

You collected 46 gold pieces.

Inventory:

Jewellery
 c - an amulet of resist corrosion (around neck)
Scrolls
 d - a scroll of random uselessness
 i - 2 scrolls of teleportation
 l - 2 scrolls of identify {unknown}
 n - a scroll of immolation
 o - a scroll of remove curse {unknown}
Potions
 e - a potion of invisibility {unknown}
 f - a potion of lignification {unknown}
 g - a potion of curing {unknown}
 h - a potion of cancellation {unknown}
 j - a potion of haste {unknown}
 k - a potion of cure mutation {unknown}
Books
 b - a book of the Tempests

   Spells                             Type                      Level
   a - Static Discharge               Conjuration/Air              3
   b - Lightning Bolt                 Conjuration/Air              5
   c - Fireball                       Conjuration/Fire             5
   d - Tornado                        Air                          9
   e - Shatter                        Earth                        9
Comestibles
 a - 3 meat rations
 m - a beef jerky


   Skills:
 - Level 3.0 Fighting
 + Level 4.3 Dodging
 + Level 3.2 Stealth
 * Level 4.6 Unarmed Combat


You had 3 spell levels left.
You didn't know any spells.

Dungeon Overview and Level Annotations

Branches:
Dungeon (3/15)

Altars:
Dithmenos
Gozag
Sif Muna
Trog

Annotations:
D:3 Mandevil's ghost, amateur OgAM


Innate Abilities, Weirdness & Mutations

You cannot wear armour.
You are incapable of wielding weapons or throwing items.
You have sharp claws.
You have razor-sharp teeth.
You have supernaturally acute eyesight.
You are carnivorous and can eat meat at any time.
You cover ground quickly.
You are covered in fur (AC +1).
You have a slow metabolism.
Your sharp claws are effective at attacking unaware monsters.


Message History

The orc priest completely misses you.
A worm comes into view.
You claw the orc priest!
The orc priest is heavily wounded.
The orc priest mumbles some strange prayers to Beogh against you.
Something smites you!
Ouch! That really hurt!
An orc comes into view. It is wielding a hand axe.
You scratch the orc priest but do no damage.
The orc priest is heavily wounded.
The orc priest casts a cantrip, but nothing happens.
The orc moves out of view.
A bat comes into view.
You barely miss the orc priest.
The orc priest is heavily wounded.
The orc priest calls down the wrath of Beogh upon you.
Something smites you!
Ouch! That really hurt!
You die...
Xom snickers!

#..#.########'#####
###.#.#............#
#.....#.#..........#
#§##..#,#..........#
##§##..#,#..........#
************#.§§#..#,#..........#
,,,,,,,,,..#§#.#§#>#,#..........#
*****,,,,...§§§§§§)#,#..........#
*,,,,,,,,*,#§#@#..(+..........#
***,*,,,,,,,*§oo#...##..........#
,,,,*,,,,,,,§#o#*...##..........#
,,,,*,,,,,,,bw.*#..$#*..........#
,,,,*,,,,,,.o#**#...#**##########
,,,,*,,,,....,,,#####
***,*****##.,,,,* *,* #,,,,,* *,*
*,,,,,*


You could see a worm, 2 orc priests, 2 orcs and a bat.

Vanquished Creatures
  Jessica (D:2)
  An iguana (D:3)
  3 adders
  An ooze (D:3)
  A worm (D:2)
  A giant gecko (D:1)
  An orc (D:3)
  A ball python (D:2)
  5 giant cockroaches
  6 hobgoblins
  4 jackals (D:2)
  9 kobolds
  4 bats
  4 giant newts
  7 goblins
  5 rats
54 creatures vanquished.

Notes
Turn   | Place    | Note
--------------------------------------------------------------
     0 | D:1      | Avanven the Felid Chaos Knight began the quest for the Orb.
     0 | D:1      | Reached XP level 1. HP: 10/10 MP: 2/2
    73 | D:1      | XOM: divination: magic mapping
   141 | D:1      | Reached skill level 1 in Stealth
   151 | D:1      | XOM: butterfly on damage
   313 | D:1      | Reached XP level 2. HP: 14/14 MP: 3/3
   683 | D:1      | XOM: divination: detect creatures
   847 | D:2      | Noticed Jessica
   848 | D:2      | Found an opulent altar of Gozag.
   855 | D:2      | Killed Jessica
   855 | D:2      | Reached XP level 3. HP: 17/17 MP: 4/4
   856 | D:2      | Found a bloodstained altar of Trog.
   968 | D:2      | Reached skill level 4 in Unarmed Combat
  1366 | D:2      | Reached XP level 4. HP: 19/21 MP: 5/5
  1366 | D:2      | XOM: medium Conj miscast
  1366 | D:2      | HP: 1/21 [goblin/dagger (1)]
  1366 | D:2      | Slain by a goblin
  1367 | D:2      | Reached XP level 3. HP: -2/17 MP: 4/4
  1455 | D:2      | XOM: divination: detect creatures
  1888 | D:3      | Reached XP level 4. HP: 21/21 MP: 5/5
  2101 | D:3      | Found a deep blue altar of Sif Muna.
  2181 | D:3      | Noticed Mandevil's ghost (amateur OgAM)
  2356 | D:3      | XOM: god gift: scroll of immolation
  2380 | D:3      | Found a shadowy altar of Dithmenos.
  2396 | D:3      | Killed from afar by an orc priest

Action                   |  1- 3 |  4- 6 || total
-------------------------+-------+-------++-------
Melee: Unarmed           |    90 |    48 ||   138
  Use: Scroll            |     2 |     3 ||     5
 Stab: Sleeping          |    10 |     2 ||    12
       Distracted        |     1 |     1 ||     2
  Eat: Chunk             |    14 |     1 ||    15
